 Dungeon Crawl Stone Soup version 0.27.1-4-g1640c2035a (webtiles) character file.

Game seed: 14018548584559429424

285 zeram the Caller (level 6, -8/53 HPs)
             Began as an Ogre Wanderer on Nov 5, 2021.
             Mangled by Menkaure (23 damage)
             ... on level 4 of the Dungeon.
             The game lasted 00:08:35 (4605 turns).

zeram the Caller (Ogre Wanderer)                    Turns: 4605, Time: 00:08:35

Health: -8/53      AC:  3    Str: 18    XL:     6   Next: 29%
Magic:  6/6        EV: 10    Int: 14    God:
Gold:   86         SH:  0    Dex:  8    Spells: 1/5 levels left

rFire    . . .     SeeInvis .   a - +2 hand axe
rCold    . . .     Faith    .   (no shield)
rNeg     + . .     Spirit   .   b - +0 robe
rPois    .         Reflect  .   (helmet restricted)
rElec    .         Harm     .   (no cloak)
rCorr    .         Rampage  .   (gloves unavailable)
Will     .....                  (boots unavailable)
Stlth    +.........             (no amulet)
HPRegen  0.17/turn              d - ring of positive energy
MPRegen  0.10/turn              (no ring)

@: no status effects
A: large, unfitting armour, tough skin 1
a: no special abilities


You were on level 4 of the Dungeon.
You visited 1 branch of the dungeon, and saw 4 of its levels.

You collected 86 gold pieces.

Inventory:

Hand Weapons
 a - a +2 hand axe (weapon)
 e - a +0 mace
Armour
 b - a +0 robe (worn)
Jewellery
 d - a ring of positive energy (left hand)
Wands
 g - a wand of flame (4)
Scrolls
 c - 3 scrolls of teleportation


   Skills:
 - Level 3.0 Axes
 - Level 1.0 Crossbows
 - Level 1.0 Throwing
 - Level 3.8 Dodging
 - Level 1.0 Stealth
 - Level 0.4 Spellcasting
 + Level 5.2 Summonings


You had one spell level left.
You knew the following spells:

 Your Spells              Type           Power      Damage    Failure   Level
a - Summon Ice Beast      Ice/Summ       7%         N/A       67%         4

Your spell library contained the following spells:

 Spells                   Type           Power      Damage    Failure   Level
 Ensorcelled Hibernation  Hex/Ice        0%         N/A       38%         2
 Spider Form              Tmut/Pois      0%         N/A       63%         3
 Summon Mana Viper        Hex/Summ       7%         N/A       95%         5
 Shadow Creatures         Summ           N/A        N/A       99%         6
 Monstrous Menagerie      Summ           7%         N/A       100%        7


Dungeon Overview and Level Annotations

Branches:
Dungeon (4/15)
 Temple: D:4-7

Altars:

Annotations:
D:4 Menkaure


Innate Abilities, Weirdness & Mutations

You are too large for most types of armour.
You have tough skin. (AC +1)


Message History

You barely miss the worm.
The worm is severely wounded.
The worm barely misses you.
Found a stone staircase leading up.
You hit the worm.
The worm is severely wounded.
The worm closely misses you.
You hit the worm.
You kill the worm!
You see here a worm corpse.
You slash Menkaure!
Menkaure is moderately damaged.
Menkaure closely misses you.
You hit Menkaure.
Menkaure is heavily damaged.
Menkaure misses you.
You hit Menkaure.
Menkaure is severely damaged.
Menkaure casts a spell at you.
You struggle to resist.
You barely miss Menkaure.
Menkaure is severely damaged.
Menkaure hits you!!
You hit Menkaure.
Menkaure is almost destroyed.
Menkaure points at you and mumbles some strange words.
Pain shoots through your body!
You hit Menkaure but do no damage.
Menkaure is almost destroyed.
Menkaure casts a spell.
Menkaure seems to speed up.
You hit Menkaure but do no damage.
Menkaure is almost destroyed.
Menkaure calls on the powers of darkness!
Your body is wracked with pain!
* * * LOW HITPOINT WARNING * * *
You closely miss Menkaure.
Menkaure is almost destroyed.
Menkaure hits you!!
You die...

....# .. ...# ...
...## ....
...##..<. ..<#.....
#....... ##...# g.
.# #.@## ... #..##.
##M.###...
......####.........
....$.#.#..#.......
#..........#.......
.....#.............
..............##.##
...........<#># ##
...........####


You could see Menkaure (fast).

Vanquished Creatures
  Sigmund (D:3)
  An orc priest (D:3)
  2 adders
  2 worms
  6 orcs
  5 bats
  5 endoplasms
  5 goblins
  4 hobgoblins
  10 jackals
  4 kobolds
  A quokka (D:1)
  9 ball pythons
  2 frilled lizards
  7 rats
64 creatures vanquished.

Notes
Turn   | Place    | Note
-------+----------+-------------------------------------------
     0 | D:1      | zeram the Ogre Wanderer began the quest for the Orb.
     0 | D:1      | zeram set off with the following items: a +2 hand axe, a +0
                  | robe, a scroll of teleportation
     0 | D:1      | Reached XP level 1. HP: 16/16 MP: 1/1
   202 | D:1      | Reached XP level 2. HP: 9/24 MP: 2/2
   353 | D:1      | Reached skill level 1 in Summonings
   700 | D:1      | Found a faded altar of an unknown god.
  1195 | D:2      | Reached XP level 3. HP: 27/31 MP: 3/3
  1201 | D:2      | Reached skill level 2 in Summonings
  2001 | D:2      | Reached XP level 4. HP: 38/39 MP: 4/4
  2249 | D:3      | Reached skill level 3 in Summonings
  2778 | D:3      | Noticed Sigmund
  2807 | D:3      | Reached XP level 5. HP: 9/45 MP: 5/5
  3151 | D:2      | Learned a level 4 spell: Summon Ice Beast
  3561 | D:3      | Killed Sigmund
  3562 | D:3      | Reached skill level 5 in Summonings
  3562 | D:3      | Reached XP level 6. HP: 20/53 MP: 6/6
  3865 | D:4      | Noticed Menkaure
  4161 | D:4      | HP: 2/53 [Menkaure (14)]
  4605 | D:4      | Mangled by Menkaure

Illustrated notes

Levels and vault maps discovered:
D:1:      minmay_arrival_stair_chambers, layout_basic,
          chequers_ecumenical_altar_island
D:2:      layout_basic, minmay_liquid_box, item_on_display_a
D:3:      layout_rooms, uniq_sigmund
D:4:      minmay_goblin_kobold_castle, layout_cave_pools, temple_doors_e,
          serial_shops, kennysheep_mini, kennysheep_little_box, uniq_menkaure

Skill      XL: |  1  2  3  4  5 |
---------------+----------------+-----
Summonings     | 1 2 3 5 |  5.2
Axes           | |  3.0
Crossbows      | |  1.0
Throwing       | |  1.0
Dodging        | |  3.8
Stealth        | |  1.0
Spellcasting   | |  0.4

Action                   |  1- 3 |  4- 6 || total
-------------------------+-------+-------++-------
Melee: Hand axe          |   126 |   103 ||   229
  Use: Scroll            |     1 |     5 ||     6
       Potion            |       |     1 ||     1
 Stab: Sleeping          |     2 |     1 ||     3
Armor: Robe              |    53 |    18 ||    71
Dodge: Dodged            |    75 |    56 ||   131
